 Dungeon Crawl Stone Soup version 0.22-a0-571-g4a923d4 (webtiles) character file.

5 iamserjio the Covered (level 1, 14/14 HPs)
             Began as a Gargoyle Fighter on July 1, 2018.
             Quit the game on level 2 of the Dungeon.
             The game lasted 00:01:13 (189 turns).

iamserjio the Covered (Gargoyle Fighter)             Turns: 189, Time: 00:01:14

Health: 14/14      AC: 11    Str: 19    XL:     1   Next: 80%
Magic:  1/1        EV:  5    Int:  8    God:
Gold:   12         SH:  9    Dex:  9    Spells: 0/0 levels left

rFire    . . .     SeeInvis .   a - +0 war axe
rCold    . . .     Gourm    .   c - +0 shield
rNeg     + . .     Faith    .   g - +0 chain mail
rPois    ∞         Spirit   .   (no helmet)
rElec    +         Reflect  .   (no cloak)
rCorr    .         Harm     .   (no gloves)
MR       .....                  (no boots)
Stlth    ..........             (no amulet)
HPRegen  0.04/turn              l - -3 ring of slaying (curse)
MPRegen  0.07/turn              (no ring)

@: about to teleport
A: negative energy resistance 1, electricity resistance, unbreathing,
petrification resistance, rot immunity, AC +2
a: no special abilities


You were on level 2 of the Dungeon.
You were not hungry.

You visited 1 branch of the dungeon, and saw 2 of its levels.

You collected 12 gold pieces.

Inventory:

Hand Weapons
 a - a +0 war axe (weapon)
Missiles
 k - 2 needles of sleeping {!f}
Armour
 b - a +0 scale mail
 c - a +0 shield (worn)
 g - a +0 chain mail (worn)
Jewellery
 l - a cursed -3 ring of slaying (left hand)
Scrolls
 e - a scroll of immolation
 h - a scroll of teleportation
Potions
 d - a potion of might
 i - 2 potions of berserk rage {unknown}
 j - a potion of heal wounds {unknown}
Comestibles
 f - a ration


   Skills:
 + Level 3.4 Fighting
 + Level 1.9 Axes
 + Level 3.4 Armour
 + Level 3.4 Shields


You couldn't memorise any spells.
You didn't know any spells.
Your spell library was empty.

Dungeon Overview and Level Annotations

Branches:
Dungeon (2/15)

Altars:
Xom

Annotations:
D:2 2 transporters


Innate Abilities, Weirdness & Mutations

You are resistant to torment.
Your stone body is resilient. (AC +2)
You are immune to poison.
You resist negative energy. (rN+)
You are resistant to electric shocks. (rElec)
You can survive without breathing.
You are immune to petrification.
You are immune to rotting.


Message History

There is a transporter landing site here.
The quokka twitches its whiskers.
Found a scroll labeled OSTAGU PISCH.
You see here 2 needles of sleeping {!f}.
k - 2 needles of sleeping {!f}
e - 2 scrolls labeled OSTAGU PISCH (gained 1)
Found a tourmaline ring.
Found a transporter.
l - a tourmaline ring
There is a transporter here.
Put on which piece of jewellery? (? for menu, Esc to quit)
Oops, that ring feels deathly cold.
l - a cursed -3 ring of slaying (left hand)
As you read the scroll labeled OSTAGU PISCH, it crumbles to dust.
The air around you briefly surges with heat, but it dissipates.
It was a scroll of immolation.
As you read the scroll labeled GER XEFUENAF UTUA, it crumbles to dust.
You feel strangely unstable.
It was a scroll of teleportation.
Are you sure you want to abandon this character and quit the game? (Confirm with "yes".)

####### #.....#
#.....############
#.........<.......
#.....#########.## #.....#
##...## ###.### #.....#
####.##########...#####
.........##.....@.....##
.#.#.#.#.#..#########..#
##...## #.##8.SgHr8##.#
.###.###.#.#.....r...#.#
.........#.#.#..©..#.#.# #
.###.#####.#.$#...#..#.# .#
#.#.###.#©........#.# ..# .
#....##.#..#...#..#.##...##
...♣.♣.....#%#.....#.#.......#


You could see a hippogriff, an adder, a quokka, a hobgoblin and a rat.

Vanquished Creatures
  A giant cockroach (D:1)
  A goblin (D:1)
  A kobold (D:1)
  2 rats (D:1)
5 creatures vanquished.

Notes
Turn   | Place    | Note
-------+----------+-------------------------------------------
     0 | D:1      | iamserjio the Gargoyle Fighter began the quest for the Orb.
     0 | D:1      | Reached XP level 1. HP: 14/14 MP: 1/1
   139 | D:2      | Found a transporter.
   140 | D:2      | Noticed a hippogriff
   143 | D:2      | Found a shimmering altar of Xom.
   173 | D:2      | Found a transporter.
   189 | D:2      | Quit the game

Vault maps used:
D:1:      dpeg_arrival_concentric_ovals
D:2:      amethyst_overflow_temple_binary, gammafunk_temple_overflow_arena,
          serial_forest, infiniplex_forest_clump_tiny,
          infiniplex_forest_clump_small, infiniplex_forest_straight_2,
          infiniplex_forest_lined_ring, infiniplex_forest_3_way,
          infiniplex_forest_clump_curved, infiniplex_forest_straight_5,
          infiniplex_forest_fountain, minmay_hexomino_p4

Action                   || total
-------------------------++-------
Melee: War axe           ||    18
  Use: Scroll            ||     2
Armor: Chain mail        ||     9
Dodge: Dodged            ||     1
Block: Shield            ||    10

Table legend:
 A = Spawn XP
 B = Non-spawn XP
 C = Spawn XP percentage of total XP
 D = Spawn monster count
 E = Non-spawn monster count
 F = Spawn count percentage of total count
 G = Total turns spent on level
                    A         B        C        D         E        F      G
               +---------+---------+-------+---------+---------+-------+---------
         Total |       0 |       8 |   0.0 |       0 |       5 |   0.0 |   189
               +---------+---------+-------+---------+---------+-------+---------
           D:1 |       0 |       8 |   0.0 |       0 |       5 |   0.0 |   117
               +---------+---------+-------+---------+---------+-------+---------
